 Dungeon Crawl Stone Soup version 0.30.1-11-g7821555f0a (webtiles) character file.

Game seed: 9938997676014934847

78 RancidPinata the Sneak (level 4, -1/31 HPs)
             Began as an Octopode Delver on Dec 22, 2023.
             Was an Initiate of Dithmenos.
             Slain by a gnoll
             ... wielding a +0 flail
              (10 damage)
             ... on level 4 of the Dungeon.
             The game lasted 00:03:02 (495 turns).

RancidPinata the Sneak (Octopode Delver)             Turns: 495, Time: 00:03:03

Health: -1/31      AC:  1    Str: 11    XL:     4   Next: 36%
Magic:  4/4        EV: 13    Int: 12    God:    Dithmenos [......]
Gold:   32         SH:  0    Dex: 15    Spells: 3/3 levels left

rFire   . . .        a - +0 short sword
rCold   . . .        (no shield)
rNeg    . . .        (helmet restricted)
rPois   .            (no amulet)
rElec   .            (no ring)
rCorr   .            (no ring)
SInv    .            (no ring)
Will    .....        (no ring)
Stlth   +++++        (no ring)
HPRegen 0.25/turn    (no ring)
MPRegen 0.09/turn    (no ring)
                     (no ring)

%: no passive effects
@: no status effects
A: almost no armour, amphibious, 8 rings, camouflage 1, gelatinous body 1,
(nimble swimmer 1), tentacles
a: Renounce Religion


You were on level 4 of the Dungeon.
You worshipped Dithmenos.
Dithmenos was noncommittal.
You visited 2 branches of the dungeon, and saw 4 of its levels.

You collected 32 gold pieces.

Inventory:

Hand Weapons
 a - a +0 short sword (weapon)
Wands
 f - a wand of digging (3)
Scrolls
 b - a scroll of fog
 c - a scroll of magic mapping
 d - a scroll of fear
 g - a scroll of vulnerability {unknown}
 h - a scroll of teleportation {unknown}
Potions
 e - a potion of haste
 i - a potion of heal wounds {unknown}
 j - a potion of flight {unknown}


   Skills:
 + Level 3.4 Fighting
 * Level 3.0 Short Blades
 + Level 2.4 Dodging
 * Level 7.4 Stealth


You had 3 spell levels left.
You didn't know any spells.
Your spell library contained the following spells:

 Spells                   Type           Power      Damage    Failure   Level
 Lesser Beckoning         Tloc           0%         N/A       45%         2
 Gell's Gravitas          Tloc           0%         N/A       69%         3
 Teleport Other           Tloc           0%         N/A       69%         3


Dungeon Overview and Level Annotations

Branches:
Dungeon (6/15)             Temple (1/1) D:6

Altars:
Dithmenos
Fedhas
Makhleb
Yredelemnul


Innate Abilities, Weirdness & Mutations

You cannot wear most types of armour.
You are amphibious.
You can wear up to eight rings at the same time.
Your skin changes colour to match your surroundings (Stealth+).
Your rubbery body absorbs attacks. (AC +1, EV +1)
((You are camouflaged when in or above water. (Stealth+)))
You have tentacles for arms and can constrict up to eight enemies at once.


Message History

You have reached level 4!
There is a stone staircase leading up here.
You can't go down here!
You climb upwards.
There is a stone staircase leading down here. 2 gnolls come into view. 3 orcs and an orc priest come into view.
The orc shouts!
A gnoll comes into view. It is wielding a +0 spear.
The orc moves out of view.
The orc priest moves out of view.
An orc wizard comes into view. It is wielding a +0 dagger.
The orc wizard moves out of view.
The gnoll shouts!
You hear a shout!
There is a stone staircase leading down here.
You climb downwards.
There is a stone staircase leading up here.
You climb upwards.
The gnoll misses you.
There is a stone staircase leading down here.
The gnoll attacks as you move away! The gnoll closely misses you.
You hit the gnoll. You grab the gnoll.
The gnoll is moderately wounded.
You constrict the gnoll, but do no damage.
The gnoll misses you.
You hit the gnoll but do no damage.
The gnoll is moderately wounded.
You constrict the gnoll. The gnoll hits you with a +0 flail!
You hit the gnoll.
The gnoll is heavily wounded.
You constrict the gnoll.
You release your grip on the gnoll.
A hobgoblin comes into view.
The gnoll attacks as you move away! The gnoll barely misses you.
The gnoll closely misses you.
The gnoll hits you from afar with a +0 spear.
The hobgoblin shouts!
The gnoll misses you. The hobgoblin barely misses you.
The gnoll attacks as you move away! The gnoll hits you with a +0 flail!
* * * LOW HITPOINT WARNING * * *
The gnoll attacks as you move away! The gnoll hits you with a +0 flail!
You die...

#.# #.## ##..##
##....##
##...#..####
##...##.g...##
##.o.##.......##
###g.###....go...##
##..>##
#.....g@...#
##...##
#......g........
#...##
#.........##.###
..### ##........# #
.# ##......## .
##.....# #######


You could see 3 gnolls, an orc and a hobgoblin.

Vanquished Creatures
  A jelly (D:5)
  A hound (D:6)
  An adder (D:6)
  4 orcs (D:6)
7 creatures vanquished.

Notes
Turn   | Place    | Note
-------+----------+-------------------------------------------
     0 | D:5      | RancidPinata the Octopode Delver began the quest for the
                  | Orb.
     0 | D:5      | Reached XP level 1. HP: 16/16 MP: 1/1
     1 | D:5      | Noticed a jelly
    60 | D:6      | Reached XP level 2. HP: 15/21 MP: 2/2
   157 | D:6      | Reached skill level 7 in Stealth
   157 | D:6      | Reached XP level 3. HP: 26/26 MP: 3/3
   193 | D:6      | Found a staircase to the Ecumenical Temple.
   202 | Temple   | Entered the Ecumenical Temple
   221 | Temple   | Became a worshipper of Dithmenos the Shadowed
   327 | D:6      | Noticed an orc warrior
   464 | D:5      | Reached XP level 4. HP: 31/31 MP: 4/4
   495 | D:4      | Slain by a gnoll

Illustrated notes

Levels and vault maps discovered:
D:4:      layout_cave_pods, gammafunk_temple_overflow_statue, serial_shops,
          shop, serial_bayou_pond_a, uniq_blork_the_orc
D:5:      minmay_spotlight, layout_cave_pools, mainiacjoe_overflow_alcove_4,
          serial_rivers, chequers_serial_rivers_small_b,
          chequers_serial_rivers_micro_d, chequers_serial_rivers_large_a,
          chequers_serial_rivers_micro_d, chequers_serial_rivers_small_b,
          nicolae_wooded_promenade, uniq_eustachio, uniq_crazy_yiuf_cottage
D:6:      layout_layer_cave, minmay_temple_entry_mini_moons,
          serial_co_window_serial, co_window_paths_a, co_window_paths_a,
          co_window_paths_b, co_window_paths_b, co_window_paths_a,
          co_window_of_opportunity_a, co_window_paths_b, co_window_broadway_c,
          co_window_of_opportunity_c, co_window_2corner, co_window_2corner,
          co_window_2corner, co_window_corner_b, glass_columns_b,
          glass_columns_a, minmay_fractal_squares_diagonal_5
Temple:   regret_index_temple_waves

Skill      XL: |  1  2  3 |
---------------+----------+-----
Stealth        | 7 |  7.4
Short Blades   | 3 |  3.0
Fighting       | |  3.4
Dodging        | |  2.4

Action                     |  1- 3 |  4- 6 || total
---------------------------+-------+-------++-------
  Melee: Short sword       |    16 |     3 ||    19
         Tentacles         |     6 |       ||     6
         Constrict         |     5 |     1 ||     6
   Stab: Sleeping          |     2 |       ||     2
 Armour: Skin              |     1 |       ||     1
  Dodge: Dodged            |    11 |     7 ||    18
